 Dungeon Sprint DCSS version 0.28-a0-245-g639a1a48b9 (webtiles) character file.

Game seed: 11408528626017625480

589 MikeHunt the Black Sun (level 7, -10/52 HPs)
             Began as a Demonspawn Monk on Aug 24, 2021.
             Was a High Priest of Kikubaaqudgha.
             Mangled by a sun demon (15 damage)
             ... in the Dungeon (Sprint VII: "The Pits").
             The game lasted 00:02:35 (569 turns).

MikeHunt the Black Sun (Demonspawn Monk)             Turns: 569, Time: 00:02:35

Health: -10/52     AC:  4    Str: 13    XL:     7   Next: 15%
Magic:  18/18      EV: 18    Int: 11    God:    Kikubaaqudgha [*****.]
Gold:   0          SH:  0    Dex: 16    Spells: 17/22 levels left

rFire   . . .      SeeInvis .     - Unarmed
rCold   . . .      Faith    .   (no shield)
rNeg    . . .      Spirit   .   a - +0 robe
rPois   .          Reflect  .   (helmet restricted)
rElec   .          Harm     .   (no cloak)
rCorr   .          Rampage  .   (no gloves)
Will    .....      NoTele   +   (no boots)
Stlth   ++........              (no amulet)
HPRegen 0.17/turn               (no ring)
MPRegen 0.16/turn               (no ring)

@: mighty, agile
A: antennae 1, thin metallic scales 1, powered by pain 1, spiny 2
a: Renounce Religion, Receive Corpses, Torment


You were in the Dungeon.
You worshipped Kikubaaqudgha.
Kikubaaqudgha was extremely pleased with you.
You visited 1 branch

Inventory:

Armour
 a - a +0 robe (worn)
 j - a +3 chain mail
Scrolls
 g - a scroll of blinking
 i - a scroll of summoning
Potions
 b - 6 potions of curing
 c - 4 potions of heal wounds
 d - a potion of haste
 e - 4 potions of magic
 f - 2 potions of berserk rage
 h - a potion of invisibility


   Skills:
 - Level 3.0 Fighting
 - Level 2.6 Dodging
 - Level 1.7 Stealth
 + Level 8.9 Unarmed Combat
 + Level 8.0 Spellcasting
 + Level 9.6 Necromancy


You had 17 spell levels left.
You knew the following spells:

 Your Spells              Type           Power      Damage    Failure   Level
a - Animate Skeleton      Necr           50%        N/A       1%          1
b - Pain                  Necr           100%       1d9       1%          1
c - Vampiric Draining     Necr           12%        2d7       1%          3

Your spell library contained the following spells:

 Spells                   Type           Power      Damage    Failure   Level
 Sublimation of Blood     Necr           12%        N/A       1%          2
 Animate Dead             Necr           12%        N/A       3%          4
 Dispel Undead            Necr           25%        3d12      3%          4
 Excruciating Wounds      Necr           12%        N/A       9%          5
 Death Channel            Necr           12%        N/A       43%         6
 Simulacrum               Ice/Necr       7%         N/A       98%         6


Dungeon Overview and Level Annotations

Branches:
Dungeon (1/1)

Altars:
Ashenzari
Cheibriados
Dithmenos
Elyvilon
Fedhas
Gozag
Hepliaklqana
Kikubaaqudgha
Makhleb
Nemelex Xobeh
Okawaru
Qazlal
Ru
Sif Muna
Trog
Uskayaw
Vehumet
Wu Jian
Xom
Yredelemnul
Zin
The Shining One
Beogh
Jiyva
Lugonu


Innate Abilities, Weirdness & Mutations

You have a pair of small antennae on your head.
You are partially covered in thin metallic scales. (AC +2)
You sometimes gain a little power by taking damage.
You are mostly covered in sharp spines.


Message History

The phantom closely misses you.
You completely miss the phantom.
The phantom is moderately damaged.
The phantom closely misses you.
You punch the phantom!
The phantom is almost destroyed.
The phantom hits you.
You punch the phantom!
You destroy the phantom!
Kikubaaqudgha accepts your kill.
Your Spellcasting skill increases to level 8!
No target in view!
No target in view!
No target in view!
There is an open door here.
You open the door.
A sun demon comes into view.
The sun demon shouts!
The sun demon is struck by your spines. The sun demon misses you.
There is an open door here.
You hit the sun demon but do no damage.
The sun demon is lightly wounded.
The sun demon hits you!!
You are engulfed in flames!!
* * * LOW HITPOINT WARNING * * *
You focus on the pain.
You feel agile all of a sudden.
You are too injured to fight recklessly!
You are too injured to fight recklessly!
You are too injured to fight recklessly!
You feel much better. The sun demon completely misses you.
You hit the sun demon.
The sun demon is moderately wounded.
The sun demon hits you!!
Ouch! That really hurt!
* * * LOW HITPOINT WARNING * * *
You focus on the pain.
You feel mightier all of a sudden.
You are engulfed in flames!
You die...
Kikubaaqudgha rasps: "You have failed me!
Welcome... death!"

#)#...)))..##.......#
#†#...)))[.##.......#
#'###########.......#
#...)...# #########
#.......#{ #...#...#{
#..###..#+#
#...#...#3+
#.......#@#
#.......'.#
###########


You could see a sun demon.

Vanquished Creatures
  A flying skull (D)
  A warg (D)
  A floating eye (D)
  A phantom (D)
  A gnoll sergeant (D)
  4 gnolls (D)
  A river rat (D)
  An ufetubus (D)
  2 orcs (D)
  A bat (D)
  A bat zombie (D)
  An endoplasm (D)
  A goblin (D)
  A hobgoblin (D)
  2 jackals (D)
  A kobold (D)
  A frilled lizard (D)
22 creatures vanquished.

Notes
Turn   | Place    | Note
-------+----------+-------------------------------------------
     0 | D        | MikeHunt the Demonspawn Monk began the quest for the Orb.
     0 | D        | Reached XP level 1. HP: 18/18 MP: 1/1
    34 | D        | Found a basalt altar of Yredelemnul.
    34 | D        | Found a shimmering altar of Xom.
    34 | D        | Found an ornate altar of the Wu Jian Council.
    34 | D        | Found a bloodstained altar of Trog.
    34 | D        | Found a shimmering blue altar of Sif Muna.
    34 | D        | Found a sacrificial altar of Ru.
    34 | D        | Found a stormy altar of Qazlal.
    34 | D        | Found an iron altar of Okawaru.
    34 | D        | Found a sparkling altar of Nemelex Xobeh.
    34 | D        | Found a burning altar of Makhleb.
    34 | D        | Found a viscous altar of Jiyva.
    34 | D        | Found a hazy altar of Hepliaklqana.
    34 | D        | Found an opulent altar of Gozag.
    34 | D        | Found a blossoming altar of Fedhas.
    34 | D        | Found a shadowy altar of Dithmenos.
    34 | D        | Found a snail-covered altar of Cheibriados.
    35 | D        | Found a radiant altar of Vehumet.
    35 | D        | Found a corrupted altar of Lugonu.
    36 | D        | Found a hide-covered altar of Uskayaw.
    36 | D        | Found an ancient bone altar of Kikubaaqudgha.
    36 | D        | Found a broken altar of Ashenzari.
    44 | D        | Became a worshipper of Kikubaaqudgha
    44 | D        | Reached * piety under Kikubaaqudgha
    44 | D        | Received a gift from Kikubaaqudgha
    44 | D        | Reached ** piety under Kikubaaqudgha
   202 | D        | Noticed a floating eye
   209 | D        | Reached skill level 1 in Necromancy
   211 | D        | Paralysed by a floating eye for 2 turns
   217 | D        | Killed a floating eye
   218 | D        | Reached skill level 5 in Unarmed Combat
   218 | D        | Reached skill level 5 in Necromancy
   218 | D        | Gained mutation: You are partially covered in sharp spines.
                  | [demonic ancestry]
   218 | D        | Reached XP level 2. HP: 18/24 MP: 1/7
   218 | D        | Reached XP level 3. HP: 22/29 MP: 1/8
   218 | D        | Gained mutation: You sometimes gain a little power by
                  | taking damage. [demonic ancestry]
   218 | D        | Reached XP level 4. HP: 27/35 MP: 1/10
   290 | D        | Learned a level 1 spell: Animate Skeleton
   292 | D        | Learned a level 1 spell: Pain
   296 | D        | Learned a level 3 spell: Vampiric Draining
   307 | D        | Reached *** piety under Kikubaaqudgha
   307 | D        | Received a gift from Kikubaaqudgha
   382 | D        | Noticed a flying skull
   415 | D        | Killed a flying skull
   415 | D        | Reached **** piety under Kikubaaqudgha
   416 | D        | Reached skill level 7 in Necromancy
   416 | D        | Gained mutation: You are partially covered in thin metallic
                  | scales. (AC +2) [demonic ancestry]
   416 | D        | Reached XP level 5. HP: 41/41 MP: 10/13
   416 | D        | Gained mutation: You are mostly covered in sharp spines.
                  | [demonic ancestry]
   416 | D        | Reached XP level 6. HP: 47/47 MP: 11/15
   508 | D        | Noticed a warg
   533 | D        | Reached ***** piety under Kikubaaqudgha
   534 | D        | Reached skill level 8 in Necromancy
   542 | D        | Killed a warg
   543 | D        | Reached skill level 9 in Necromancy
   553 | D        | Gained mutation: You have a pair of small antennae on your
                  | head. [demonic ancestry]
   553 | D        | Reached XP level 7. HP: 52/52 MP: 18/18
   565 | D        | Noticed a sun demon
   569 | D        | Mangled by a sun demon

Illustrated notes

Levels and vault maps discovered:
D:        pitsprint [storerooms_1, entrance_room_1, metal_vault_4, armoury_2,
          mini_pit_1, grid_room_1, main_hall_1, silver_pit, the_coven_3,
          the_vestibule_1, steel_vault_2, golden_pit, hallway_of_sentries,
          crystal_vault_4, iron_vault_1, final_vault]

Skill      XL: |  1  2  3  4  5  6  7 |
---------------+----------------------+-----
Unarmed Combat | 5 7 8 |  8.9
Necromancy     | 5 7 9 |  9.6
Spellcasting   | 4 6 7 8 |  8.0
Fighting       | |  3.0
Dodging        | |  2.6
Stealth        | |  1.7

Action                   |  1- 3 |  4- 6 |  7- 9 || total
-------------------------+-------+-------+-------++-------
Melee: Unarmed           |    21 |    41 |     6 ||    68
       Punch             |     1 |       |       ||     1
 Cast: Vampiric Draining |       |     1 |       ||     1
       Animate Skeleton  |       |     1 |       ||     1
Invok: Receive Corpses   |       |     1 |       ||     1
  Use: Potion            |       |     3 |     1 ||     4
 Stab: Sleeping          |     1 |     1 |       ||     2
       Invisible         |       |     4 |       ||     4
Armor: Robe              |       |     7 |       ||     7
Dodge: Dodged            |     8 |    28 |     4 ||    40

Table legend: (Time is in decaauts)
 A = Elapsed time spent in this place.
 B = Non-inter-level travel time spent in this place.
 C = Inter-level travel time spent in this place.
 D = Time resting spent in this place.
 E = Time spent auto-exploring this place.
 F = Levels seen in this place.
 G = Mean time per level.
                   A        B        C        D        E       F      G
               +--------+--------+--------+--------+--------+-----+--------+
         Total |    569 |    569 |      0 |    319 |      0 |   1 |  569.0 |
       Dungeon |    569 |    569 |      0 |    319 |      0 |   1 |  569.0 |
               +--------+--------+--------+--------+--------+-----+--------+

Top non-repeatable levels by time:
       D: 569 daAuts
